cohdb
Replays
Latest Replays
All Replays
Popular Replays
Top Player Replays
Match Explorer
How It Works
Community
CoH3 Stats
Reddit
Sign in to upload your games and track your stats! →
Sign in with Steam
Match 41605095
Unlisted
Match 41605095
Overview
Messages
Build Orders
End
Vickers Machine Gun Team
Construct Section Command Post
Selects Heavy Armor Battlegroup
Infantry Section
Infantry Section
Construct Platoon Command Post
Infantry Section
Grenade Package
Selects Light Vehicle Withdraw and Refit
Selects UNKNOWN (202330)
Humber Armored Car
Infantry Section
Infantry Section
Selects Rigorous Vehicle Training
Selects Forward Repair Assembly
Selects UNKNOWN (2162094)
Construct Company Command Post
Light Vehicle Withdraw and Refit
6-pounder Anti-tank Gun Team
Selects Recon Artillery
Churchill IV Heavy Tank
Selects Recon Artillery
Dr. Toblerone
Salva99
Pred
Nuclear Viking
ZuDenWaffen
Frecker
0
0
Comments
sign in to comment!
No comments posted yet!